AoeStats
← Mob Psycho 100

Arena

510607710Analyzed
4v4 RM · 21h ago on Oct 1, 2026· 61m 41s· 8 players
Game mode
Random Map
Map size
Large (8 player)
Population
200
Speed
Normal
Resources
Standard
Victory
Conquest
Starting age
Dark Age
Ending age
Imperial Age
RankedLock teamsTeams togetherTeam positionsShared explorationLock speedFull tech treeHidden civsTurbo modeCheats
Victory
Defeat
🇪🇸 Varangians · Spain
1134
+14
🇬🇧 Aztecs · United Kingdom
1117
+15
🇬🇧 Sicilians · United Kingdom
1087
+16
🇩🇪 Cumans · Germany
1044
+19
🇬🇧 Varangians · United Kingdom
1117
-17
🇧🇷 Khmer · Brazil
1112
-17
🇧🇴 Khmer · Bolivia
1091
-16
🇨🇱 Saxons · Chile
1053
-14
Mob Psycho 100
8:15 Feudal Age
12:14 Castle Age
20:37 Gold Mining
23:06 Horse Collar
23:14 Double-Bit Axe
25:17 Gold Shaft Mining
29:30 Imperial Age
26:48 Loom
26:46 Crossbowman
27:44 Fletching
28:55 Bodkin Arrow
31:50 Wheelbarrow
31:23 Heavy Plow
31:38 Fortified Wall
31:49 Bow Saw
33:16 Chemistry
32:37 Ballistics
33:45 Hand Cart
32:57 Arbalester
34:33 Bracer
37:29 Padded Archer Armor
38:06 Scale Barding Armor
38:11 Forging
38:33 Conscription
38:47 Bloodlines
38:37 Husbandry
37:58 Light Cavalry
39:31 Chain Barding Armor
38:44 Hussar
40:39 Iron Casting
42:40 Plate Barding Armor
43:05 Blast Furnace
45:30 Leather Archer Armor
48:41 Arson
48:17 Pikeman
48:59 Scale Mail Armor
49:15 Halberdier
50:36 Chain Mail Armor
55:14 Crop Rotation
59:18 Ring Archer Armor
The Rock
10:10 Feudal Age
15:46 Castle Age
14:15 Double-Bit Axe
15:40 Horse Collar
17:49 Gold Mining
28:08 Stone Mining
34:06 Imperial Age
33:43 Ballistics
33:15 Fletching
34:21 Bodkin Arrow
35:21 Wheelbarrow
34:32 Town Watch
34:32 Loom
34:16 Heavy Mounted Crossbowman
36:18 Cranequins
37:39 Hand Cart
37:24 Town Patrol
39:18 Squires
39:31 Forging
39:11 Capped Ram
39:59 Siege Engineers
41:26 Scale Mail Armor
40:50 Pikeman
41:57 Elite Varangian Guard
42:23 Arson
42:26 Gambesons
42:58 Chain Mail Armor
43:19 Iron Casting
42:47 Bracer
43:29 Bracer
44:06 Iron Casting
44:40 Plate Mail Armor
46:10 Conscription
45:12 Gothikon
53:34 Murder Holes
57:23 Blast Furnace
60:59 Bow Saw
GENIACO
9:51 Feudal Age
13:50 Castle Age
12:48 Double-Bit Axe
14:35 Horse Collar
20:20 Sanctity
20:19 Loom
27:34 Heavy Plow
27:46 Bow Saw
29:07 Fortified Wall
29:08 Masonry
31:14 Ballistics
33:29 Imperial Age
30:54 Gold Mining
31:49 Scale Mail Armor
32:00 Forging
32:18 Redemption
32:04 Herbal Medicine
33:27 Gold Shaft Mining
32:42 Stone Mining
32:26 Clerical Recruitment
33:39 Chain Mail Armor
34:41 Conscription
34:01 Shield Wall
35:20 Iron Casting
35:42 Block Printing
36:20 Theocracy
35:15 Capped Ram
38:12 Plate Mail Armor
39:15 Two-Man Saw
38:49 Crop Rotation
38:55 Illumination
38:47 Fletching
39:46 Wheelbarrow
38:56 Town Watch
41:52 Elite Hearth Troop
43:26 Hand Cart
43:12 Town Patrol
47:32 Architecture
46:45 Treadmill Crane
49:50 Sappers
56:57 Chemistry
56:03 Siege Engineers
55:56 Murder Holes
56:08 Husbandry
56:18 Bloodlines
56:19 Scale Barding Armor
55:52 Heavy Scorpion
59:37 Hoardings
TT
0:28 Loom
14:53 Feudal Age
15:25 Town Watch
31:35 Castle Age
32:00 Double-Bit Axe
39:35 Imperial Age
40:22 Wheelbarrow
48:56 Horse Collar
50:17 Hand Cart
50:56 Double Crossbow
51:43 Pikeman
53:38 Bow Saw
53:49 Forging
53:40 Scale Mail Armor
58:09 Iron Casting
57:50 Chain Mail Armor
60:13 Blast Furnace
Justaerin
0:43 Loom
10:40 Feudal Age
11:07 Double-Bit Axe
11:06 Horse Collar
14:20 Man-at-Arms
14:46 Arson
17:26 Scale Mail Armor
22:43 Castle Age
22:56 Wheelbarrow
22:35 Gold Mining
22:37 Stone Mining
22:44 Long Swordsman
23:10 Gambesons
23:25 Squires
23:43 Chain Mail Armor
25:13 Forging
27:55 Iron Casting
29:54 Padded Archer Armor
29:44 Fletching
30:52 Leather Archer Armor
31:01 Bodkin Arrow
35:06 Hand Cart
38:19 Imperial Age
36:45 Bow Saw
36:41 Atlatl
36:37 Elite Skirmisher
37:24 Pikeman
38:08 Eagle Warrior
38:20 Elite Jaguar Warrior
39:22 Garland Wars
39:24 Conscription
39:22 Bracer
39:45 Ballistics
41:03 Chemistry
45:36 Plate Mail Armor
50:42 Blast Furnace
51:12 Two-Handed Swordsman
57:37 Gold Shaft Mining
57:37 Stone Shaft Mining
58:13 Elite Eagle Warrior
58:13 Champion
Creedling
12:08 Feudal Age
13:42 Wheelbarrow
13:36 Horse Collar
18:03 Scale Mail Armor
17:57 Double-Bit Axe
25:23 Castle Age
24:41 Scale Mail Armor
25:10 Fletching
29:06 Stone Mining
29:06 Gold Mining
30:01 Heavy Plow
30:20 Bow Saw
31:02 Forging
30:49 Pikeman
35:14 Hand Cart
35:12 Elite Skirmisher
40:49 Imperial Age
42:23 Bodkin Arrow
43:55 Gold Mining
44:43 Iron Casting
44:24 Chain Mail Armor
45:09 Crop Rotation
47:28 First Crusade
51:00 Plate Mail Armor
55:04 Elite Serjeant
56:59 Padded Archer Armor
57:25 Scale Barding Armor
57:21 Bracer
57:07 Capped Ram
58:47 Masonry
58:56 Husbandry
Chadwick
11:00 Feudal Age
13:48 Loom
16:23 Castle Age
15:59 Double-Bit Axe
16:12 Horse Collar
24:13 Fletching
24:49 Heavy Plow
25:55 Husbandry
30:05 Gold Mining
32:57 Imperial Age
32:00 Wheelbarrow
33:15 Bloodlines
34:02 Cavalier
34:49 Scale Barding Armor
34:55 Forging
35:19 Stone Mining
36:00 Hand Cart
35:31 Town Watch
36:28 Ballistics
36:34 Vendel Legacy
38:45 Conscription
40:58 Chain Barding Armor
41:13 Iron Casting
43:14 Light Cavalry
56:29 Plate Barding Armor
56:55 Blast Furnace
57:31 Bow Saw
57:58 Crop Rotation
59:57 Blast Furnace
59:42 Elite Jarl
62:15 Two-Man Saw
Gelbe Wand
11:26 Feudal Age
12:20 Man-at-Arms
14:07 Double-Bit Axe
24:02 Castle Age
23:14 Horse Collar
23:38 Gold Mining
23:41 Loom
27:40 Wheelbarrow
27:28 Heavy Plow
28:57 Bloodlines
29:44 Stone Mining
35:29 Imperial Age
34:01 Forging
33:57 Scale Barding Armor
36:00 Gold Shaft Mining
35:58 Chain Barding Armor
36:24 Iron Casting
35:52 Cavalier
38:00 Hand Cart
38:22 Paladin
40:53 Crop Rotation
39:47 Onager
42:12 Plate Barding Armor
45:33 Capped Ram
47:18 Light Cavalry
47:40 Siege Ram
50:15 Hussar
52:43 Blast Furnace
Connection lost

Rejoining the realm…

Still unreachable

The connection could not be restored.

Session expired

The server has moved on; the page needs a fresh start.